 Dungeon Crawl Stone Soup version 0.28.0-53-g5a82cb258f (webtiles) character file.

Game seed: 1958756882597939870

1 eooof the Skirmisher (level 1, 0/24 HPs)
             Began as an Ogre Berserker on June 29, 2022.
             Was a Follower of Trog.
             Slain by a goblin
             ... wielding a +0 club
              (2 damage)
             ... on level 1 of the Dungeon.
             The game lasted 00:00:38 (62 turns).

eooof the Skirmisher (Ogre Berserker)                 Turns: 62, Time: 00:00:38

Health: 0/24       AC:  3    Str: 20    XL:     1   Next: 20%
Magic:  1/1        EV: 10    Int:  8    God:    Trog [*.....]
Gold:   12         SH:  0    Dex:  8    Spells: 0/0 levels left

rFire   . . .      SeeInvis .   a - +0 spear
rCold   . . .      Faith    .   (no shield)
rNeg    . . .      Spirit   .   b - +0 animal skin
rPois   .          Reflect  .   (helmet restricted)
rElec   .          Harm     .   (no cloak)
rCorr   .          Rampage  .   (gloves unavailable)
Will    .....                   (boots unavailable)
Stlth   +.........              (no amulet)
HPRegen 0.08/turn               (no ring)
MPRegen 0.07/turn               (no ring)

@: no status effects
A: large, unfitting armour, tough skin 1
a: Renounce Religion, Berserk


You were on level 1 of the Dungeon.
You worshipped Trog.
Trog was aware of your devotion.
You visited 1 branch of the dungeon, and saw 1 of its levels.

You collected 12 gold pieces.

Inventory:

Hand Weapons
 a - a +0 spear (weapon)
Armour
 b - a +0 animal skin (worn)


   Skills:
 + Level 4.0 Fighting
 + Level 3.0 Polearms
 + Level 2.7 Dodging


You couldn't memorise any spells.
You didn't know any spells.
Your spell library was empty.

Dungeon Overview and Level Annotations

Branches:
Dungeon (1/15)

Altars:


Innate Abilities, Weirdness & Mutations

You are too large for most types of armour.
You have tough skin. (AC +1)


Message History

The goblin hits you with a +0 club. The rat bites you but does no damage.
The rat closely misses you. The hobgoblin closely misses you.
The endoplasm hits you but does no damage.
You hit the endoplasm.
The endoplasm is almost dead.
The giant cockroach closely misses you. The goblin hits you with a +0 club.
The rat bites you.
The endoplasm hits you but does no damage.
The rat bites you but does no damage. The hobgoblin barely misses you.
You barely miss the endoplasm.
The endoplasm is severely wounded.
The giant cockroach bites you but does no damage.
The goblin hits you but does no damage. The rat bites you but does no damage.
The giant cockroach barely misses you. The hobgoblin closely misses you.
The endoplasm barely misses you. The rat bites you.
You hit the endoplasm.
You kill the endoplasm!
Trog accepts your kill. The goblin misses you.
The giant cockroach barely misses you. The rat closely misses you.
The rat barely misses you. The hobgoblin hits you.
The giant cockroach bites you but does no damage.
The bat hits you but does no damage. The goblin barely misses you.
The rat bites you but does no damage. The hobgoblin hits you.
The bat hits you but does no damage. x3; The goblin hits you with a +0 club.
* * * LOW HITPOINT WARNING * * *
You barely miss the bat. The bat closely misses you. The bat hits you.
* * * LOW HITPOINT WARNING * * *
The giant cockroach bites you but does no damage.
The rat bites you but does no damage. The rat bites you.
* * * LOW HITPOINT WARNING * * *
The goblin closely misses you. The bat closely misses you.
You closely miss the bat. The giant cockroach bites you.
* * * LOW HITPOINT WARNING * * *
The bat hits you but does no damage. The rat bites you.
* * * LOW HITPOINT WARNING * * *
The rat closely misses you. The goblin barely misses you.
The giant cockroach barely misses you. The bat closely misses you.
The giant cockroach barely misses you. The goblin hits you with a +0 club.
You die...

###. ..... .....
### ##.....
....#####.......
.......@rr......
.......gB.##..#.
....b..g........
##+######....#.#.
#...(...'#.......
#.####'##.##......
#.....##.##.....
##.#####.##.#.....
#.##...##.#.#.#.#.


You could see a giant cockroach, a hobgoblin, a goblin, a bat and 2 rats.

Vanquished Creatures
  An endoplasm (D:1)
1 creature vanquished.

Notes
Turn   | Place    | Note
-------+----------+-------------------------------------------
     0 | D:1      | eooof the Ogre Berserker began the quest for the Orb.
     0 | D:1      | Reached XP level 1. HP: 24/24 MP: 1/1
    62 | D:1      | Slain by a goblin

Illustrated notes

Levels and vault maps discovered:
D:1:      evilmike_arrival_rings, layout_basic, serial_shops,
          nicolae_shop_hallway_stairs

Action                   || total
-------------------------++-------
Melee: Spear             ||    14
Armor: Animal skin       ||    27
Dodge: Dodged            ||    35
